 Dungeon Crawl Stone Soup version 0.31-a0-549-gf98fd537a9 (webtiles) character file.

Game seed: 4337907319938292288

1582 Morbidden the Ruffian (level 8, -8/55 HPs)
             Began as a Purple Draconian Shapeshifter on Aug 16, 2023.
             Was a Believer of Cheibriados.
             Mangled by an orc warrior
             ... wielding a +0 war axe
              (11 damage)
             ... on level 6 of the Dungeon.
             The game lasted 00:06:10 (5164 turns).

Morbidden the Ruffian (DrSh)                        Turns: 5164, Time: 00:06:11

Health: -8/55      AC: 10    Str: 27    XL:     8   Next: 60%
Magic:  13/13      EV: 13    Int: 15    God:    Cheibriados [**....]
Gold:   280        SH:  0    Dex: 16    Spells: 13/13 levels left

rFire   . .          .
                       - Unarmed
rCold   . . .        (shield currently unavailable)
rNeg    . . .        (body armour unavailable)
rPois   .            t - +2 hat
rElec   .            r - +0 cloak
rCorr   .            (no gloves)
SInv    .            u - +0 pair of boots
Will    +....        (no amulet)
Stlth   +            j - +4 ring of slaying
HPRegen 0.29/turn    g - +6 ring of strength
MPRegen 0.13/turn

%: no passive effects
@: short of breath, flux-form, glowing, very slow
A: glow, contaminating, reduced hp, breathe power, AC +6, unfitting armour,
cold-blooded
a: Breathe Dispelling Energy, Begin Untransformation, Renounce Religion, Bend
Time


You were on level 6 of the Dungeon.
You worshipped Cheibriados.
Cheibriados was pleased with you.
You were something dangerously unstable.
You visited 2 branches of the dungeon, and saw 7 of its levels.

You collected 280 gold pieces.

Inventory:

Missiles
 k - 15 poisoned darts (quivered)
 m - a boomerang
 o - 45 stones
Armour
 r - a +0 cloak (worn)
 t - a +2 hat (worn)
 u - a +0 pair of boots (worn)
Jewellery
 f - a ring of resist corrosion
 g - a +6 ring of strength (right hand)
 j - a +4 ring of slaying (left hand)
Talismans
 b - a beast talisman
 c - a flux talisman (active)
Wands
 v - a wand of iceblast (12)
Scrolls
 d - a scroll of vulnerability {unknown}
 e - a scroll of noise {unknown}
 h - 7 scrolls of identify {unknown}
 q - a scroll of poison {unknown}
 y - a scroll of teleportation {unknown}
Potions
 a - 2 potions of lignification
 i - a potion of curing {unknown}
 l - 2 potions of degeneration {unknown}
 n - a potion of mutation {unknown}
 p - a potion of heal wounds {unknown}
 s - a potion of attraction {unknown}
 w - a potion of brilliance {unknown}
 x - a potion of cancellation {unknown}


   Skills:
 * Level 3.7 Fighting
 + Level 2.0 Throwing
 * Level 3.7 Dodging
 + Level 2.1 Stealth
 * Level 7.5 Unarmed Combat
 * Level 3.4 Spellcasting
 * Level 2.2 Invocations
 * Level 4.4 Shapeshifting


You had 13 spell levels left.
You didn't know any spells.
Your spell library contained the following spells:

 Spells                   Type           Power      Damage    Failure   Level
 Magic Dart               Conj           8%         1d3       19%         1
 Searing Ray              Conj           4%         2d4       28%         2
 Vhi's Electric Charge    Tloc/Air       4%         N/A       50%         3
 Fulminant Prism          Conj/Hex       1%         3d5       88%         4
 Leda's Liquefaction      Hex/Erth       1%         N/A       88%         4
 Arcjolt                  Conj/Air       1%         1d11      99%         5
 Lee's Rapid Deconstruct  Erth           1%         3d4*      99%         5
 Summon Forest            Summ/Tloc      1%         N/A       99%         5
 Summon Mana Viper        Hex/Summ       2%         N/A       99%         5
 Leda's Unmaking          Conj/Erth      1%         9d1       100%        6
 Plasma Beam              Fire/Air       1%         2x1d11    100%        6
 Summon Cactus Giant      Summ           1%         N/A       100%        6


Dungeon Overview and Level Annotations

Branches:
Dungeon (6/15)             Temple (1/1) D:4

Altars:
Ashenzari
Cheibriados
Dithmenos
Fedhas
Gozag
Hepliaklqana
Kikubaaqudgha
Makhleb
Nemelex Xobeh
Okawaru
Qazlal
Ru
Sif Muna
Trog
Uskayaw
Vehumet
Wu Jian
Xom
Yredelemnul
Zin
The Shining One


Innate Abilities, Weirdness & Mutations

You are something dangerously unstable.
You glow with magical radiation, making you easy to see and hit.
Foes you strike become dangerously contaminated with magical radiation.
Your maximum health is decreased, since you lack skill for your form.
You are incapable of wielding weapons or throwing items.
You can breathe bolts of dispelling energy.
Your rich purple scales are hard. (AC +6)
You cannot fit into any form of body armour.
You are cold-blooded and may be slowed by cold attacks.


Message History

Unknown command.
Unknown command.
Unknown command.
Okay, then.
Aiming: Breathe Dispelling Energy (4% risk of failure)
Press: ? - help, Shift-Dir - straight line, f - orc
Aim: an orc, wielding a +0 dagger (53% to hit)
You breathe a bolt of dispelling energy.
The bolt of dispelling energy hits the orc warrior.
The orc warrior is heavily wounded.
The orc warrior's magical effects unravel!
The bolt of dispelling energy hits the orc!
You kill the orc!
Cheibriados appreciates the change of pace.
Unknown command.
Unknown command.
Unknown command.
You punch the orc!
You kill the orc!
Cheibriados appreciates the change of pace.
Unknown command.
Unknown command.
You hit the orc warrior but do no damage.
The orc warrior begins to glow.
You tail-slap the orc warrior.
The orc warrior is severely wounded.
The orc warrior hits you with a +0 war axe!
* * * LOW HITPOINT WARNING * * *
Unknown command.
Unknown command.
Unknown command.
You hit the orc warrior but do no damage.
The orc warrior glows dangerously bright.
The orc warrior is severely wounded.
The orc warrior misses you. The orc misses you.
Unknown command.
Unknown command.
You barely miss the orc warrior.
The orc warrior is severely wounded.
The orc warrior hits you with a +0 war axe!
You die...

......##..##...##...#
......######........#
....... ...........#
..........#
##..###..##
#..###..## #........#
#........# #####B####
#o# ......†.o§....#
.......)......#
###.###.####..# # #.#
.# ... ... ###


You could see an orc warrior (heavy contam) and an orc.

Vanquished Creatures
  Pikel (D:6)
  2 steam dragons
  2 ogres
  A lemure (D:6)
  2 scorpions
  A howler monkey (D:5)
  2 hounds
  2 jellies
  An orc priest (D:5)
  3 iguanas
  3 orc wizards
  4 gnolls (D:6)
  10 adders
  2 ufetubi (D:6)
  2 worms
  3 dart slugs
  14 orcs
  5 ball pythons
  6 endoplasms
  2 giant cockroaches (D:1)
  10 goblins
  8 hobgoblins
  6 jackals
  6 kobolds
  3 quokkas
  10 bats
  4 frilled lizards
  7 rats
122 creatures vanquished.

Notes
Turn   | Place    | Note
-------+----------+-------------------------------------------
     0 | D:1      | Morbidden the Draconian Shapeshifter began the quest for
                  | the Orb.
     0 | D:1      | Reached XP level 1. HP: 16/16 MP: 1/1
   181 | D:1      | Reached XP level 2. HP: 16/23 MP: 2/2
   932 | D:1      | Reached XP level 3. HP: 14/28 MP: 3/3
  1441 | D:2      | Reached XP level 4. HP: 20/32 MP: 5/5
  2310 | D:3      | Reached skill level 4 in Unarmed Combat
  2611 | D:3      | Reached skill level 1 in Spellcasting
  2989 | D:4      | Reached XP level 5. HP: 41/41 MP: 6/6
  3030 | D:4      | Found an iron altar of Okawaru.
  3075 | D:4      | Noticed a steam dragon
  3082 | D:4      | Killed a steam dragon
  3083 | D:4      | Reached skill level 1 in Stealth
  3083 | D:4      | Reached XP level 6. HP: 47/48 MP: 6/8
  3187 | D:4      | Reached skill level 5 in Unarmed Combat
  3368 | D:4      | Found a staircase to the Ecumenical Temple.
  3529 | Temple   | Entered the Ecumenical Temple
  3549 | Temple   | Became a worshipper of Cheibriados the Contemplative
  3997 | D:5      | Entered Level 5 of the Dungeon
  4018 | D:4      | Reached skill level 1 in Throwing
  4176 | D:5      | Your scales start taking on a rich purple colour.
  4176 | D:5      | Reached XP level 7. HP: 54/56 MP: 10/10
  4354 | D:5      | Reached * piety under Cheibriados
  4521 | D:5      | Reached skill level 1 in Invocations
  4662 | D:6      | Reached skill level 6 in Unarmed Combat
  4861 | D:6      | Noticed Pikel
  4870 | D:6      | Killed Pikel
  4871 | D:6      | Reached skill level 7 in Unarmed Combat
  4871 | D:6      | Reached XP level 8. HP: 40/64 MP: 12/12
  5131 | D:6      | Reached ** piety under Cheibriados
  5164 | D:6      | Mangled by an orc warrior

Illustrated notes

Levels and vault maps discovered:
D:1:      dpeg_arrival_pits, layout_basic
D:2:      layout_basic, grunt_ministairs_15
D:3:      minmay_recursive_quarters, layout_rooms, minivault_26, moated_statue,
          nicolae_elevator_lobby_plus
D:4:      layout_gridville, mainiacjoe_overflow_boulevard, temple_hall,
          hangedman_decor_opposing
D:5:      layout_basic
D:6:      layout_gridville, uniq_pikel
Temple:   mainiacjoe_temple_cubbyholes

Skill      XL: |  1  2  3  4  5  6  7 |
---------------+----------------------+-----
Dodging        | 2 3 |  3.7
Unarmed Combat | 4 5 7 |  7.5
Spellcasting   | 1 2 3 |  3.4
Fighting       | 2 3 |  3.7
Stealth        | 1 2 |  2.1
Throwing       | 1 2 |  2.0
Invocations    | 2 |  2.2
Shapeshifting  | 4 |  4.4

Action                     |  1- 3 |  4- 6 |  7- 9 || total
---------------------------+-------+-------+-------++-------
  Melee: Unarmed           |   100 |    86 |    83 ||   269
         Tailslap          |    11 |    11 |     8 ||    30
         Punch             |     1 |     2 |     1 ||     4
  Throw: Dart              |       |    24 |    10 ||    34
         Stone             |       |     9 |       ||     9
         Boomerang         |       |     3 |       ||     3
Ability: Breathe Dispellin |       |       |     6 ||     6
   Stab: Sleeping          |       |     5 |     1 ||     6
 Armour: Skin              |    32 |    21 |    23 ||    76
  Dodge: Dodged            |    77 |    51 |    59 ||   187
         Form:             |       |     1 |       ||     1
         Beast             |       |     1 |       ||     1
         Flux              |       |       |     1 ||     1

Table legend: (Time is in decaauts)
 A = Elapsed time spent in this place.
 B = Non-inter-level travel time spent in this place.
 C = Inter-level travel time spent in this place.
 D = Time resting spent in this place.
 E = Time spent auto-exploring this place.
 F = Levels seen in this place.
 G = Mean time per level.
                   A        B        C        D        E       F      G
               +--------+--------+--------+--------+--------+-----+--------+
         Total |   5559 |   5209 |    350 |    217 |   4131 |   7 |  794.1 |
       Dungeon |   5513 |   5189 |    324 |    217 |   4131 |   6 |  918.8 |
        Temple |     45 |     19 |     26 |      0 |      0 |   1 |   45.0 |
               +--------+--------+--------+--------+--------+-----+--------+

Top non-repeatable levels by time:
     D:4: 1137 daAuts
     D:2: 1086 daAuts
     D:1: 1077 daAuts
     D:3: 785 daAuts
     D:5: 732 daAuts
     D:6: 694 daAuts
  Temple: 45 daAuts
